 Dungeon Crawl Stone Soup version 0.31-a0-4-gefa6de2278 (webtiles) character file.

Game seed: 15898237754522314143

2303 cheesebisquit the Grappler (level 9, 79/79 HPs)
             Began as a Ghoul Gladiator on May 3, 2023.
             Quit the game on level 6 of the Dungeon.
             The game lasted 00:15:40 (6277 turns).

cheesebisquit the Grappler (Ghoul Gladiator)        Turns: 6277, Time: 00:15:41

Health: 79/79      AC:  9    Str: 20    XL:     9   Next: 40%
Magic:  8/8        EV: 10    Int:  5    God:
Gold:   113        SH:  5    Dex: 10    Spells: 8/8 levels left

rFire   . .          .
                       - Unarmed
rCold   + . .        (no shield)
rNeg    + + +        l - +0 scale mail
rPois   ∞            b - +0 helmet
rElec   .            (no cloak)
rCorr   .            (no gloves)
SInv    .            y - +0 pair of boots
Will    .....        n - amulet of reflection Stlth
                     (no ring)
HPRegen 0.33/turn    (no ring)
MPRegen 0.11/turn

%: reflection
@: no status effects
A: claws 1, cold resistance 1, negative energy resistance 3, inhibited
regeneration, torment resistance 2, devour on kill
a: no special abilities


You were on level 6 of the Dungeon.
You visited 2 branches of the dungeon, and saw 7 of its levels.

You collected 377 gold pieces.
You spent 264 gold pieces at shops.

Inventory:

Missiles
 c - 4 throwing nets (quivered)
 d - 5 javelins
 s - 4 boomerangs
Armour
 a - a +0 leather armour
 b - a +0 helmet (worn)
 l - a +0 scale mail (worn)
 y - a +0 pair of boots (worn)
Jewellery
 n - an amulet of reflection (around neck)
Wands
 z - a wand of roots (5)
Scrolls
 e - a scroll of summoning {unknown}
 f - a scroll of enchant weapon {unknown}
 g - a scroll of fog {unknown}
 j - a scroll of acquirement {unknown}
 p - a scroll of noise {unknown}
 q - 2 scrolls of brand weapon
 t - 3 scrolls of fear {unknown}
 u - a scroll of blinking {unknown}
 v - 5 scrolls of teleportation {unknown}
 x - 3 scrolls of magic mapping {unknown}
 B - a scroll of immolation {unknown}
Potions
 h - a potion of resistance
 i - 2 potions of mutation
 k - 3 potions of lignification
 m - 4 potions of brilliance
 o - a potion of heal wounds
 r - a potion of attraction {unknown}
 w - 2 potions of haste
 A - a potion of degeneration {unknown}


   Skills:
 + Level 7.3 Fighting
 - Level 1.7 Throwing
 + Level 4.2 Armour
 - Level 2.6 Dodging
 * Level 10.6 Unarmed Combat


You had 8 spell levels left.
You didn't know any spells.
Your spell library contained the following spells:

 Spells                   Type           Power      Damage    Failure   Level
 Kiss of Death            Conj/Necr      0%         2d5       82%         1
 Slow                     Hex            0%         N/A       82%         1
 Blink                    Tloc           0%         N/A       91%         2
 Cigotuvi's Dreadful Rot  Necr/Pois/Air  0%         N/A       91%         2
 Confusing Touch          Hex            0%         N/A       99%         3
 Gell's Gravitas          Tloc           0%         N/A       99%         3
 Teleport Other           Tloc           0%         N/A       99%         3
 Vampiric Draining        Necr           0%         2d6       99%         3
 Dispel Undead            Necr           0%         3d6       100%        4
 Manifold Assault         Tloc           0%         N/A       100%        4
 Summon Forest            Summ/Tloc      0%         N/A       100%        5
 Summon Mana Viper        Hex/Summ       0%         N/A       100%        5
 Death Channel            Necr           0%         N/A       100%        6
 Dispersal                Tloc           0%         N/A       100%        6
 Summon Cactus Giant      Summ           0%         N/A       100%        6
 Storm Form               Tmut/Air       Unusable   N/A       N/A         7

Dungeon Overview and Level Annotations

Branches:
Dungeon (6/15)             Temple (1/1) D:4

Altars:
Ashenzari
Hepliaklqana
Nemelex Xobeh
Ru
Uskayaw
Vehumet
Xom

Shops:
D:4 *   D:6 [


Innate Abilities, Weirdness & Mutations

You are immune to poison.
You have sharp fingernails.
Your flesh is cold resistant. (rC+)
You are immune to negative energy. (rN+++)
You do not regenerate when monsters are visible.
You are immune to unholy pain and torment.
You thrive by killing the living.


Message History

Found a stone staircase leading down.
Found a rapier.
Found Pouvu's Antique Armour Shop.
Found an escape hatch in the ceiling.
Found 15 gold pieces.
You pick up a book of Debilitation and begin reading...
You add the spells Slow and Vampiric Draining to your library.
There is an escape hatch in the ceiling here.
A mysterious force pulls you upwards. The hatch slams shut behind you.
Done exploring.
There is an escape hatch in the floor here.
You slide downwards.
The hatch slams shut behind you.
You see here a +0 giant club.
You see here a +0 giant club.
You open the door.
There is an open door here.
Found a stone staircase leading down.
There is a stone staircase leading down here.
You now have 226 gold pieces (gained 12).
There is a shaft here.
You now have 242 gold pieces (gained 16).
There is a shaft here.
You now have 257 gold pieces (gained 15).
There is an escape hatch in the ceiling here.
There is an entrance to Pouvu's Antique Armour Shop here.
You can access your shopping list by pressing '$'.
C - a +0 pair of gloves Thank you for shopping at Pouvu's Antique Armour Shop!
You can access your shopping list by pressing '$'.
There are no items here.
You start putting on your armour.
You continue putting on your +0 pair of gloves. x4
You finish putting on your +0 pair of gloves.
You start removing your armour.
You continue taking off your +0 pair of gloves. x4
You finish taking off your +0 pair of gloves.
You drop a +0 pair of gloves.
You can access your shopping list by pressing '$'.
You can access your shopping list by pressing '$'.
Are you sure you want to abandon this character and quit the game? (Confirm with "yes".)

......###.#
.#######..#
.#...)...######
...#..........#####
...#..#.####......#
.#.....<..........###
##.#>.#####.....8...#
...#.. #.........##.#
####. ##.###..8<@.8.#
.. #........#.####
#..#####..8# #..#
##..# #..# ####
#.#####..# #........#
#######.## ........#


There were no monsters in sight!

Vanquished Creatures
  A water moccasin (D:6)
  Duvessa (D:4)
  2 ice beasts (D:5)
  A sky beast (D:6)
  5 ogres
  A centaur (D:5)
  5 phantoms
  5 scorpions (D:5)
  Dowan (D:4)
  The ghost of BlasphemerAmon the Trooper, a weakling DgFi (D:3)
  A howler monkey (D:5)
  4 hounds (D:5)
  5 jellies
  A sleepcap (D:5)
  3 iguanas
  3 orc wizards
  5 adders
  3 worms
  A dart slug (D:2)
  6 orcs
  11 ball pythons
  7 bats
  10 endoplasms
  8 giant cockroaches
  9 goblins
  6 hobgoblins
  3 jackals (D:2)
  16 kobolds
  7 quokkas
  3 frilled lizards
  2 rats (D:2)
137 creatures vanquished.

Notes
Turn   | Place    | Note
-------+----------+-------------------------------------------
     0 | D:1      | cheesebisquit the Ghoul Gladiator began the quest for the
                  | Orb.
     0 | D:1      | Reached XP level 1. HP: 17/17 MP: 0/0
   110 | D:1      | Reached XP level 2. HP: 24/25 MP: 1/1
   230 | D:1      | Reached skill level 4 in Unarmed Combat
   493 | D:1      | Reached XP level 3. HP: 30/30 MP: 2/2
  1038 | D:2      | Reached XP level 4. HP: 36/38 MP: 3/3
  1228 | D:2      | Reached skill level 5 in Unarmed Combat
  1724 | D:3      | Found a runed translucent door.
  2321 | D:3      | Noticed BlasphemerAmon's ghost (weakling DgFi)
  2340 | D:3      | Killed BlasphemerAmon's ghost
  2341 | D:3      | Reached XP level 5. HP: 26/46 MP: 4/4
  2504 | D:4      | Found Ysaudim's General Store.
  2510 | D:4      | Bought a scroll of identify for 24 gold pieces
  2510 | D:4      | Bought a potion of heal wounds for 60 gold pieces
  2510 | D:4      | Bought a potion of curing for 36 gold pieces
  2835 | D:4      | Reached skill level 6 in Unarmed Combat
  3060 | D:4      | Reached XP level 6. HP: 22/52 MP: 5/5
  3178 | D:4      | Found a staircase to the Ecumenical Temple.
  3183 | Temple   | Entered the Ecumenical Temple
  3458 | D:4      | Noticed Dowan
  3464 | D:4      | Noticed Duvessa
  3480 | D:4      | Killed Duvessa
  3495 | D:4      | Killed Dowan
  3801 | D:4      | Reached skill level 7 in Unarmed Combat
  3821 | D:5      | Entered Level 5 of the Dungeon
  3851 | D:5      | Reached XP level 7. HP: 44/60 MP: 6/6
  3936 | D:5      | Reached skill level 5 in Fighting
  4073 | D:5      | Reached skill level 1 in Armour
  4110 | D:5      | Reached skill level 8 in Unarmed Combat
  4317 | D:5      | Found a broken altar of Ashenzari.
  4490 | D:5      | Reached XP level 8. HP: 48/70 MP: 7/7
  4837 | D:5      | Reached skill level 9 in Unarmed Combat
  5397 | D:5      | Reached XP level 9. HP: 31/78 MP: 8/8
  5404 | D:5      | Reached skill level 10 in Unarmed Combat
  5974 | D:6      | Found Ami Lyiw's Gadget Gallery.
  6077 | D:6      | Found Pouvu's Antique Armour Shop.
  6266 | D:6      | Bought a pair of gloves for 144 gold pieces
  6277 | D:6      | Quit the game

Illustrated notes

Levels and vault maps discovered:
D:1:      minmay_arrival_pointy, layout_basic
D:2:      layout_loops_ring, minmay_vboxes
D:3:      layout_loops_ring, ebering_ghost_reflecting_pool,
          serial_bayou_lagoon_b
D:4:      layout_loops_ring, temple_statues, serial_shops,
          nicolae_shop_rolling_square, nrook_mini_vaults, uniq_duvessa
D:5:      minmay_razor_zed, layout_basic, ashenzari_altar_1
D:6:      layout_basic, serial_shops, nicolae_shop_statue_plus,
          chequers_serial_rivers_micro_c, nicolae_shop_gadgets
Temple:   nicolae_temple_little_seven

Skill      XL: |  1  2  3  4  5  6  7  8  9 |
---------------+----------------------------+-----
Unarmed Combat | 4 5 6 7 8 9 10 | 10.6
Fighting       | 3 4 5 6 7 |  7.3
Armour         | 2 3 4 |  4.2
Throwing       | |  1.7
Dodging        | |  2.6

Action                     |  1- 3 |  4- 6 |  7- 9 || total
---------------------------+-------+-------+-------++-------
  Melee: Unarmed           |   136 |   191 |   185 ||   512
         Punch             |     3 |     5 |     7 ||    15
    Use: Potion            |       |     4 |     5 ||     9
         Scroll            |       |     5 |     2 ||     7
   Stab: Invisible         |       |     1 |     2 ||     3
 Armour: Leather armour    |    34 |    27 |       ||    61
         Scale mail        |       |    21 |    51 ||    72
  Dodge: Dodged            |    94 |    74 |    79 ||   247
  Block: Other             |       |       |     1 ||     1

Table legend: (Time is in decaauts)
 A = Elapsed time spent in this place.
 B = Non-inter-level travel time spent in this place.
 C = Inter-level travel time spent in this place.
 D = Time resting spent in this place.
 E = Time spent auto-exploring this place.
 F = Levels seen in this place.
 G = Mean time per level.
                   A        B        C        D        E       F      G
               +--------+--------+--------+--------+--------+-----+--------+
         Total |   6240 |   5815 |    425 |      2 |   4765 |   7 |  891.4 |
       Dungeon |   6199 |   5780 |    419 |      2 |   4732 |   6 | 1033.2 |
        Temple |     40 |     34 |      6 |      0 |     33 |   1 |   40.0 |
               +--------+--------+--------+--------+--------+-----+--------+

Top non-repeatable levels by time:
     D:5: 1955 daAuts
     D:4: 1136 daAuts
     D:3: 1062 daAuts
     D:1: 886 daAuts
     D:2: 747 daAuts
     D:6: 411 daAuts
  Temple: 40 daAuts
